 Dungeon Crawl Stone Soup version 0.28-a0-1555-g9ae15a6949 (webtiles) character file.

Game seed: 12915082994300327116

8725 hashsling the Summoner (level 11, -9/63 HPs)
             Began as a Tengu Summoner on Jan 18, 2022.
             Mangled by an ice devil (20 damage)
             ... on level 11 of the Dungeon.
             The game lasted 00:45:17 (12610 turns).

hashsling the Summoner (Tengu Summoner)            Turns: 12610, Time: 00:45:17

Health: -9/63      AC:  9    Str: 12    XL:     11   Next: 35%
Magic:  15/16      EV: 18    Int: 25    God:
Gold:   507        SH:  9    Dex: 24    Spells: 3/16 levels left

rFire   . . .      SeeInvis .   b - +3 scimitar (flame)
rCold   . . .      Faith    .   U - +0 kite shield
rNeg    . . .      Spirit   .   a - +4 robe of Augmentation {Str+4 Int+4 Dex+4}
rPois   +          Reflect  .   (helmet restricted)
rElec   .          Harm     .   E - +1 cloak {rPois}
rCorr   .          Rampage  .   M - +0 pair of gloves
Will    .....                   (boots unavailable)
Stlth   +++.......              X - amulet of regeneration
HPRegen 1.00/turn               g - +6 ring of dexterity
MPRegen 0.15/turn               (no ring)

@: flying quickly and evasively, quick
A: beak, talons 3, nimble flight
a: no special abilities


You were on level 11 of the Dungeon.
You visited 1 branch of the dungeon, and saw 11 of its levels.
You also visited: Sewer.

You collected 507 gold pieces.

Inventory:

Hand Weapons
 b - a +3 scimitar of flaming (weapon)
Missiles
 d - 38 sling bullets
 f - 346 stones
 w - 103 arrows
 A - 7 boomerangs
 F - 57 bolts
 G - 16 poisoned darts
 N - a curare-tipped dart
Armour
 a - the +4 robe of Augmentation (worn) {Str+4 Int+4 Dex+4}
   (You found it on level 8 of the Dungeon)

   Str:       It affects your strength (+4).
   Int:       It affects your intelligence (+4).
   Dex:       It affects your dexterity (+4).
 E - a +1 cloak of poison resistance (worn)
 M - a +0 pair of gloves (worn)
 U - a +0 kite shield (worn)
Magical Staves
 K - a staff of poison
 R - a staff of fire
Jewellery
 e - an amulet of guardian spirit
 g - a +6 ring of dexterity (left hand)
 P - a ring of ice
 X - an amulet of regeneration (around neck)
Wands
 I - a wand of iceblast (16)
 W - a wand of acid (7)
Scrolls
 c - 7 scrolls of teleportation
 h - 3 scrolls of magic mapping
 i - 2 scrolls of summoning {unknown}
 l - 4 scrolls of noise
 q - a scroll of enchant armour {unknown}
 t - 2 scrolls of fog {unknown}
 v - 3 scrolls of vulnerability {unknown}
 H - 3 scrolls of immolation {unknown}
 O - 5 scrolls of identify
 V - 3 scrolls of amnesia {unknown}
 Y - a scroll of torment {unknown}
Potions
 k - 2 potions of haste {unknown}
 m - a potion of ambrosia {unknown}
 n - 3 potions of heal wounds
 o - a potion of resistance {unknown}
 p - a potion of flight {unknown}
 r - a potion of experience {unknown}
 s - a potion of brilliance {unknown}
 u - 8 potions of lignification
 x - 3 potions of might {unknown}
 B - 2 potions of attraction {unknown}
 C - a potion of berserk rage {unknown}
 J - 2 potions of degeneration {unknown}
 Q - 2 potions of curing {unknown}


   Skills:
 + Level 5.1 Fighting
 + Level 0.7 Long Blades
 - Level 3.0 Bows
 - Level 6.0 Dodging
 - Level 2.0 Stealth
 + Level 0.6 Shields
 - Level 3.0 Spellcasting
 - Level 9.0 Conjurations
 - Level 13.0 Summonings
 * Level 4.7 Fire Magic
 - Level 10.0 Air Magic


You had 3 spell levels left.
You knew the following spells:

 Your Spells              Type           Power      Damage    Failure   Level
a - Summon Small Mammal   Summ           100%       N/A       1%          1
b - Call Imp              Summ           62%        N/A       1%          2
c - Call Canine Familiar  Summ           62%        N/A       1%          3
d - Summon Lightning Spi  Summ/Air       57%        N/A       3%          4
e - Swiftness             Air            52%        N/A       1%          3

Your spell library contained the following spells:

 Spells                   Type           Power      Damage    Failure   Level
 Conjure Flame            Conj/Fire      38%        6-21      6%          3
 Summon Guardian Golem    Hex/Summ       36%        N/A       8%          3
 Stone Arrow              Conj/Erth      52%        3d10      17%         3
 Sandblast                Erth           6%         2d5       34%         1
 Ensorcelled Hibernation  Hex/Ice        6%         N/A       47%         2
 Passwall                 Tmut/Erth      2%         N/A       47%         2
 Ignite Poison            Fire/Tmut/Pois 11%        N/A       50%         3
 Portal Projectile        Hex/Tloc       6%         N/A       71%         3
 Sticky Flame             Conj/Fire      38%        2d6       22%         4
 Leda's Liquefaction      Hex/Erth       1%         N/A       98%         4


Dungeon Overview and Level Annotations

Branches:
Dungeon (11/15)            Temple (0/1) D:6           Sewer (visited)
   Lair: D:8-11         Orc: D:9-12

Altars:
Sif Muna

Portals:
Ice
Cave: D:11


Innate Abilities, Weirdness & Mutations

You have a beak for a mouth.
You have claws for feet.
Your magical nature lets you fly swiftly and evasively.


Message History

You reach down and open the door.
An ice devil comes into view.
An ice devil is nearby!
Found a frozen archway.
There is an open door here.
An ice devil comes into view.
Found a sharpened brass wand.
Casting: Call Canine Familiar (safe; 1% risk of failure)
Confirm with . or Enter, or press ? or * to list all spells.
An electric hum fills the air.
You reach down and open the door.
There is an open door here.
Your lightning spire shoots out a bolt of lightning at the ice devil!
The bolt of electricity hits the ice devil!!
The ice devil hits your warg! The ice devil freezes your warg!
Your warg bites the ice devil!
You swap places.
The ice devil closely misses you.
There is an open door here.
You barely miss the ice devil. Your kick misses the ice devil.
You peck the ice devil, but do no damage.
The ice devil is severely wounded.
The ice devil hits you but does no damage.
You block the ice devil's attack.
You hit the ice devil but do no damage.
The ice devil is moderately wounded.
The ice devil hits you! The ice devil freezes you! The ice devil misses you.
You block the ice devil's attack. The ice devil misses you.
You swap places.
Your warg barely misses the ice devil.
The ice devil hits your warg. The ice devil freezes your warg!!
Your warg dies!
Your warg's corpse disappears in a puff of smoke!
The ice devil completely misses you. The ice devil closely misses you.
The ice devil hits you. The ice devil freezes you!!
The ice devil completely misses you.
There is an open door, spattered with blood here.
The ice devil hits you!
* * * LOW HITPOINT WARNING * * *
The ice devil freezes you!!
You die...

#.........#
####...
#.........#
####
#.........# #
#.........#
##'########
#.######
#...8.4#
####'#'# #.4@#
######## ##.##
#......# #.#
#.....<# ...
#### #......#
...4. #'.#
#......##
#./...
##.###........
#..∩..#
#...#......##
#######
###.#......#
#.#).....#


You could see 2 ice devils.

Vanquished Creatures
  A human (D:9)
  A necrophage (D:6)
  A scorpion (D:5)
  An orc priest (D:11)
  A centaur skeleton (D:6)
  A howler monkey skeleton (D:5)
  4 adders
  A shadow imp (D:8)
  2 worms (D:2)
  A dart slug (D:3)
  8 orcs
  5 endoplasms
  2 giant cockroaches
  4 goblins
  A hobgoblin (D:2)
  5 jackals
  9 kobolds
  3 quokkas
  7 ball pythons
  6 bats
  7 frilled lizards
  7 rats
78 creatures vanquished.

Vanquished Creatures (collateral kills)
  A two-headed ogre (D:8)
  Pikel (D:4)
  2 gargoyles
  An unseen horror (D:10)
  An efreet (D:11)
  3 trolls
  A wraith (D:10)
  A shadow (D:11)
  A wyvern (D:8)
  6 yaks (D:9)
  A hog (shapeshifter) (D:9)
  A steam dragon (D:8)
  4 humans (D:9)
  Menkaure (D:7)
  3 water moccasins
  2 ice beasts
  2 sky beasts (D:7)
  A necrophage (D:6)
  4 centaurs
  3 ogres (D:6)
  A lemure (D:4)
  2 bullfrogs
  6 kobold brigands
  A gnoll sergeant (D:9)
  A scorpion (D:6)
  A wyvern skeleton (D:7)
  A howler monkey (D:7)
  3 centaur zombies
  A bullfrog skeleton (D:5)
  3 hounds
  Crazy Yiuf (D:6)
  An iguana (D:4)
  7 orc wizards
  2 howler monkey zombies
  3 gnolls (D:9)
  4 adders
  5 river rats
  5 worms
  A dart slug (D:4)
  11 orcs
  A bat (D:3)
  3 endoplasms
  2 goblins (D:2)
  4 hobgoblins
  2 jackals (D:2)
  4 quokkas
  A ball python (D:2)
  A frilled lizard (D:2)
  12 kobolds
  2 rats (D:2)
132 creatures vanquished.

Vanquished Creatures (others)
  11 fungi
  2 plants (D:3)
13 creatures vanquished.

Grand Total: 223 creatures vanquished

Notes
Turn   | Place    | Note
-------+----------+-------------------------------------------
     0 | D:1      | hashsling the Tengu Summoner began the quest for the Orb.
     0 | D:1      | Reached XP level 1. HP: 10/10 MP: 4/4
   184 | D:1      | Reached XP level 2. HP: 10/16 MP: 6/6
   187 | D:1      | Learned a level 2 spell: Call Imp
   306 | D:1      | Reached skill level 5 in Summonings
   883 | D:1      | You fall into a shaft and drop 1 floor!
   893 | D:2      | Reached skill level 1 in Fighting
   893 | D:2      | Reached XP level 3. HP: 20/20 MP: 1/7
  1232 | D:2      | Reached XP level 4. HP: 25/25 MP: 5/8
  1863 | D:2      | Learned a level 3 spell: Call Canine Familiar
  2538 | D:3      | Found a glowing drain.
  2575 | Sewer    | Entered a sewer
  2827 | Sewer    | Gained mutation: Your magical nature lets you fly swiftly
                  | and evasively. [Tengu growth]
  2827 | Sewer    | Reached XP level 5. HP: 21/30 MP: 2/9
  3218 | Sewer    | Noticed a kobold brigand
  3246 | Sewer    | Killed a kobold brigand
  3247 | Sewer    | Reached skill level 5 in Dodging
  3247 | Sewer    | Reached XP level 6. HP: 11/36 MP: 2/10
  3473 | Sewer    | Reached skill level 6 in Summonings
  3912 | Sewer    | Reached XP level 7. HP: 31/41 MP: 5/11
  4222 | D:3      | Found a faded altar of an unknown god.
  4226 | D:3      | Got Plato's Collected Works on Clay
  4589 | D:4      | Noticed Pikel
  4620 | D:4      | HP: 1/41 [Pikel (2)]
  4628 | D:4      | Killed Pikel
  4629 | D:4      | Reached skill level 7 in Summonings
  4629 | D:4      | Reached XP level 8. HP: 3/48 MP: 0/12
  5347 | D:5      | Entered Level 5 of the Dungeon
  5773 | D:5      | Learned a level 4 spell: Summon Lightning Spire
  6129 | D:6      | Found a runed translucent door.
  6130 | D:6      | Noticed Crazy Yiuf
  6150 | D:6      | Killed Crazy Yiuf
  6292 | D:6      | Reached skill level 5 in Fighting
  6292 | D:6      | Reached skill level 1 in Air Magic
  6324 | D:6      | Reached skill level 8 in Summonings
  6560 | D:6      | Reached XP level 9. HP: 42/54 MP: 12/14
  6665 | D:6      | Reached skill level 5 in Conjurations
  6665 | D:6      | Reached skill level 5 in Air Magic
  6720 | D:6      | Found a shimmering blue altar of Sif Muna.
  7200 | D:6      | Reached skill level 9 in Summonings
  7204 | D:6      | Learned a level 3 spell: Swiftness
  7336 | D:6      | Found a staircase to the Ecumenical Temple.
  7502 | D:7      | Noticed a gargoyle
  7522 | D:7      | Killed a gargoyle
  7622 | D:7      | Reached skill level 10 in Summonings
  7654 | D:7      | Reached skill level 1 in Bows
  8246 | D:7      | Noticed Menkaure
  8255 | D:7      | Killed Menkaure
  8692 | D:7      | Reached XP level 10. HP: 49/59 MP: 7/15
  8999 | D:8      | Noticed a two-headed ogre
  9019 | D:8      | Reached skill level 11 in Summonings
  9025 | D:8      | Killed a two-headed ogre
  9565 | D:8      | Reached skill level 12 in Summonings
  9823 | D:8      | Found the +4 robe of Augmentation {Str+4 Int+4 Dex+4}
 10306 | D:9      | Reached skill level 1 in Fire Magic
 10598 | D:9      | Reached skill level 10 in Air Magic
 10695 | D:9      | Reached XP level 11. HP: 63/63 MP: 12/16
 11184 | D:10     | Entered Level 10 of the Dungeon
 12058 | D:11     | Reached skill level 13 in Summonings
 12589 | D:11     | Found a frozen archway.
 12610 | D:11     | Mangled by an ice devil

Illustrated notes

Levels and vault maps discovered:
D:1:      dpeg_arrival_arbitrary_b, layout_loops_ring, hangedman_decor_points
D:2:      layout_basic
D:3:      layout_basic, shapermc_ecumenical_altar_rom_forum,
          cheibrodos_sewer_entry_sluice
D:4:      layout_gridville, uniq_pikel
D:5:      layout_basic, minmay_misc_feat_cross
D:6:      old_forge, layout_loops_ring, nicolae_overflow_hidden_temple,
          minmay_temple_entry_fiery, uniq_crazy_yiuf_cottage
D:7:      layout_loops_ring, uniq_menkaure
D:8:      layout_cave_pools
D:9:      layout_basic, minmay_ruffians
D:10:     layout_long_grid
D:11:     layout_roguey, lair_entry_dummy, portal_ice_cave_demonic_guard

Skill      XL: |  1  2  3  4  5  6  7  8  9 10 11 |
---------------+----------------------------------+-----
Summonings     | 5 6 7 8 10 12 13 | 13.0
Dodging        | 3 4 5 6 |  6.0
Fighting       | 1 2 3 4 5 |  5.1
Conjurations   | 3 4 7 9 |  9.0
Air Magic      | 4 7 10 | 10.0
Spellcasting   | 3 |  3.0
Bows           | 3 |  3.0
Fire Magic     | 2 4 |  4.7
Long Blades    | |  0.7
Stealth        | |  2.0
Shields        | |  0.6

Action                   |  1- 3 |  4- 6 |  7- 9 | 10-12 || total
-------------------------+-------+-------+-------+-------++-------
Melee: Short sword       |    48 |       |       |       ||    48
       Kick              |    13 |    18 |    31 |     3 ||    65
       Peck              |     7 |    16 |    19 |    11 ||    53
       Spear             |    11 |   138 |   185 |    13 ||   347
       Punch             |     1 |     1 |     4 |     1 ||     7
       Scimitar          |       |       |       |    16 ||    16
 Fire: Shortbow          |       |       |     1 |     9 ||    10
 Cast: Summon Small Mamm |    29 |    43 |    58 |     6 ||   136
       Call Imp          |     4 |    10 |    20 |     6 ||    40
       Call Canine Famil |       |    15 |    30 |    19 ||    64
       Summon Lightning  |       |       |     5 |    22 ||    27
  Use: Scroll            |       |       |     6 |       ||     6
 Stab: Sleeping          |     2 |     2 |       |       ||     4
       Distracted        |       |     1 |     2 |       ||     3
Armor: Robe              |     3 |    15 |    14 |    16 ||    48
Dodge: Dodged            |    35 |    72 |    94 |    46 ||   247
Block: Kite shield       |       |       |       |     6 ||     6

Table legend: (Time is in decaauts)
 A = Elapsed time spent in this place.
 B = Non-inter-level travel time spent in this place.
 C = Inter-level travel time spent in this place.
 D = Time resting spent in this place.
 E = Time spent auto-exploring this place.
 F = Levels seen in this place.
 G = Mean time per level.
                   A        B        C        D        E       F      G
               +--------+--------+--------+--------+--------+-----+--------+
         Total |  12173 |  11984 |    189 |    782 |   8944 |  12 | 1014.4 |
       Dungeon |  10724 |  10535 |    189 |    567 |   8015 |  11 |  974.9 |
         Sewer |   1449 |   1449 |      0 |    215 |    929 |   1 | 1449.0 |
               +--------+--------+--------+--------+--------+-----+--------+

Top non-repeatable levels by time:
   Sewer: 1449 daAuts
     D:7: 1424 daAuts
     D:2: 1388 daAuts
     D:6: 1322 daAuts
     D:9: 1051 daAuts
     D:8: 1011 daAuts
     D:4: 896 daAuts
     D:1: 886 daAuts
    D:10: 762 daAuts
     D:5: 714 daAuts
     D:3: 665 daAuts
    D:11: 602 daAuts
